 Dungeon Crawl Stone Soup version 0.31-a0-240-gb923e448b6 (webtiles) character file.

Game seed: 13702758447114069544

305 qw the Shooter (level 6, -2/37 HPs)
             Began as a Gargoyle Hexslinger on July 11, 2023.
             Slain by a lemure (3 damage)
             ... led by Pikel
             ... on level 4 of the Dungeon.
             The game lasted 00:01:06 (2734 turns).

qw the Shooter (Gargoyle Hexslinger)                Turns: 2734, Time: 00:01:06

Health: -2/37      AC: 10    Str: 14    XL:     6   Next: 39%
Magic:  7/7        EV: 10    Int: 13    God:
Gold:   138        SH:  0    Dex: 14    Spells: 6/7 levels left

rFire   . . .        Y - +1 sling
rCold   + . .        (no shield)
rNeg    + + .        m - +0 ring mail
rPois   inf          l - +0 helmet
rElec   +            (no cloak)
rCorr   .            (no gloves)
SInv    .            (no boots)
Will    .....        (no amulet)
Stlth   +            f - +6 ring of strength
HPRegen 0.26/turn    c - ring "Heysimp" {rC+ rN+ Str-4 Slay+4}
MPRegen 0.10/turn

%: no passive effects
@: about to teleport
A: sickness immunity, AC +4, negative energy resistance 1, electricity
resistance, torment resistance 1, petrification resistance
a: no special abilities


You were on level 4 of the Dungeon.
You visited 1 branch of the dungeon, and saw 4 of its levels.

You collected 138 gold pieces.


Innate Abilities, Weirdness & Mutations

You are immune to sickness and miasma.
Your stone body is resilient. (AC +4)
You are immune to poison.
You resist negative energy. (rN+)
You are resistant to electric shocks. (rElec)
You are resistant to unholy torment.
You are immune to petrification.


   Skills:
 - Level 3.4 Fighting
 + Level 5.6 Ranged Weapons
 - Level 1.0 Armour
 - Level 1.5 Dodging
 - Level 1.0 Spellcasting
 - Level 2.6 Hexes


You had 6 spell levels left.
You knew the following spells:

 Your Spells              Type           Power      Damage    Failure   Level
a - Slow                  Hex            28%        N/A       19%         1

Your spell library contained the following spells:

 Spells                   Type           Power      Damage    Failure   Level
 Inner Flame              Hex/Fire       4%         N/A       69%         3
 Portal Projectile        Hex/Tloc       8%         N/A       69%         3
 Cause Fear               Hex            3%         N/A       88%         4

Inventory:

Hand Weapons
 Y - a +1 sling (weapon)
Armour
 l - a +0 helmet (worn)
 m - a +0 ring mail (worn)
Jewellery
 c - the ring "Heysimp" (right hand) {rC+ rN+ Str-4 Slay+4}
   (You acquired it on level 3 of the Dungeon)

   [ring of slaying]

   Str:       It affects your strength (-4).
   Slay:      It affects your accuracy & damage with ranged weapons and melee
   (+4).
   rC:        It protects you from cold.
   rN:        It protects you from negative energy.
 f - a +6 ring of strength (left hand)
Scrolls
 a - 5 scrolls of teleportation
 b - a scroll of identify
Potions
 d - a potion of degeneration {unknown}
 e - a potion of heal wounds {unknown}
 g - a potion of brilliance {unknown}
 h - a potion of haste {unknown}
 i - 2 potions of curing
 k - a potion of might {unknown}
 n - a potion of lignification {unknown}
 p - a potion of ambrosia {unknown}

Dungeon Overview and Level Annotations

Branches:
Dungeon (4/15)
 Temple: D:4-7

Altars:
Trog
Xom

Annotations:
D:4 Pikel


Message History

A lemure comes into view.
The lemure misses you.
Pikel hits you with a +1 whip of electrocution.
The lemure hits you but does no damage. x2
You shoot a sling bullet. The sling bullet closely misses Pikel.
Pikel hits you with a +1 whip of electrocution.
The lemure hits you but does no damage. x2
You shoot a sling bullet. The sling bullet barely misses Pikel.
Pikel hits you with a +1 whip of electrocution.
The lemure misses you. The lemure hits you.
You shoot a sling bullet.
The sling bullet hits Pikel but does no damage.
Pikel is heavily wounded.
Pikel hits you but does no damage. The lemure hits you but does no damage.
The lemure barely misses you.
You shoot a sling bullet. The sling bullet barely misses Pikel.
The sling bullet hits the lemure.
The lemure is lightly wounded.
Pikel hits you but does no damage. The lemure hits you but does no damage.
The lemure closely misses you. The lemure hits you. Pikel closely misses you.
The lemure hits you but does no damage. x3
You shoot a sling bullet. The sling bullet hits Pikel.
Pikel is severely wounded.
Pikel hits you but does no damage. The lemure hits you.
The lemure hits you but does no damage. The lemure misses you.
2732 ||| READING 6 scrolls of teleportation.
As you read the scroll of teleportation, it crumbles to dust.
You feel strangely unstable.
Pikel hits you with a +1 whip of electrocution.
The lemure hits you but does no damage. x2; The lemure barely misses you.
You shoot a sling bullet.
The sling bullet hits Pikel but does no damage.
Pikel is severely wounded.
Pikel misses you.
The lemure hits you but does no damage. x2
The lemure hits you.
You shoot a sling bullet. The sling bullet barely misses Pikel.
The sling bullet barely misses the lemure.
Pikel hits you with a +1 whip of electrocution.
The lemure hits you but does no damage. The lemure hits you.
You die...

#.###.######.........#. ###.#
#................#. #######...#
########.........#) #~~~~~##).#
##....[(......... #~7.7~##..#
##..#######..##...
#~._..'...####..## ###.......
#~7.7~###..#...#######.....#.#.
#~~~~~#......#####.............
.########.....5K@....#...........
#..............555...............
..###...###.##...................
####.............................
)....##.###.#####.####...........
).#####.# #.# #.# ##..........
#.. #.. #.#####.####.....#%....
##.. .#.##.##..............%....
..# . ...>.....####.######....<


You could see Pikel and 4 lemures.

Vanquished Creatures
  2 ogres (D:4)
  A howler monkey (D:4)
  An adder (D:3)
  A worm (D:2)
  2 dart slugs
  8 orcs
  A ball python (D:4)
  3 bats
  8 endoplasms
  2 giant cockroaches
  7 goblins
  7 hobgoblins
  7 kobolds
  3 quokkas (D:1)
  9 frilled lizards
  10 rats
72 creatures vanquished.

Notes
Turn   | Place    | Note
-------+----------+-------------------------------------------
     0 | D:1      | qw the Gargoyle Hexslinger began the quest for the Orb.
     0 | D:1      | Reached XP level 1. HP: 12/12 MP: 2/2
     0 | D:1      | 0 ||| qw: Version: 0.3-a-52-g30416fa
     0 | D:1      | 0 ||| qw: Game counter: 6120
     0 | D:1      | 0 ||| qw: Melee chars always use a shield: true
     0 | D:1      | 0 ||| qw: God list: Okawaru
     0 | D:1      | 0 ||| qw: Allow faded altars: false
     0 | D:1      | 0 ||| qw: Do Orc after clearing Dungeon:15 true
     0 | D:1      | 0 ||| qw: Do second Lair branch before Depths: true
     0 | D:1      | 0 ||| qw: Lair rune preference: random
     0 | D:1      | 0 ||| qw: Goals: Normal
     0 | D:1      | 0 ||| PLANNING D:1-11
   107 | D:1      | Reached XP level 2. HP: 16/16 MP: 3/3
   181 | D:1      | Found a faded altar of an unknown god.
   253 | D:1      | Reached skill level 3 in Ranged Weapons
   487 | D:1      | Reached XP level 3. HP: 21/21 MP: 4/4
   979 | D:1      | 979 ||| UPGRADING to +0 leather armour.
   989 | D:1      | 989 ||| DROPPING +0 robe.
   990 | D:1      | 990 ||| UPGRADING to +0 ring mail.
  1000 | D:1      | 1000 ||| DROPPING +0 leather armour.
  1001 | D:1      | 1001 ||| READING 3 scrolls labelled EGOLIO JIXEY.
  1005 | D:1      | 1005 ||| READING scroll labelled YMOSKAPOIM.
  1006 | D:1      | 1006 ||| READING scroll labelled CUCREE KI LUZIDAKO.
  1007 | D:1      | 1007 ||| DRINKING 2 golden potions.
  1008 | D:1      | 1008 ||| DRINKING 2 green potions.
  1009 | D:1      | 1009 ||| DROPPING scroll of poison.
  1010 | D:1      | 1010 ||| DROPPING potion of attraction.
  2011 | D:3      | Reached XP level 4. HP: 26/26 MP: 5/5
  2053 | D:3      | Found a bloodstained altar of Trog.
  2074 | D:3      | Reached skill level 4 in Ranged Weapons
  2378 | D:3      | 2378 ||| UPGRADING to +0 helmet.
  2383 | D:3      | 2383 ||| UPGRADING to +6 ring of strength.
  2384 | D:3      | 2384 ||| READING scroll labelled SECOTA FAMIA.
  2385 | D:3      | 2385 ||| READING 2 scrolls labelled OMUEQA UHOFI.
  2386 | D:3      | 2386 ||| READING scroll labelled VUDWEO CIQUYSOSUP.
  2386 | D:3      | Identified a scroll of acquirement
  2386 | D:3      | 2386 ||| ACQUIRING ring "Heysimp" {rC+ rN+ Str-4 Slay+4}
  2386 | D:3      | Acquired the ring "Heysimp" {rC+ rN+ Str-4 Slay+4}
  2388 | D:3      | 2388 ||| UPGRADING to ring "Heysimp" {rC+ rN+ Str-4
                  | Slay+4}.
  2389 | D:3      | 2389 ||| DROPPING scroll of vulnerability.
  2424 | D:4      | Reached skill level 1 in Armour
  2478 | D:4      | Reached XP level 5. HP: 19/30 MP: 6/6
  2500 | D:4      | 2500 ||| FLEEEEING.
  2501 | D:4      | 2501 ||| FLEEEEING.
  2502 | D:4      | 2502 ||| FLEEEEING.
  2503 | D:4      | 2503 ||| FLEEEEING.
  2504 | D:4      | 2504 ||| STAIRDANCE
  2526 | D:4      | 2526 ||| STAIRDANCE
  2652 | D:4      | Noticed an ogre
  2658 | D:4      | Killed an ogre
  2659 | D:4      | Reached skill level 5 in Ranged Weapons
  2662 | D:4      | Found a shimmering altar of Xom.
  2683 | D:4      | Noticed an ogre
  2689 | D:4      | Killed an ogre
  2690 | D:4      | Reached skill level 3 in Fighting
  2690 | D:4      | Reached XP level 6. HP: 26/37 MP: 7/7
  2693 | D:4      | Noticed Pikel
  2694 | D:4      | 2694 ||| FLEEEEING.
  2715 | D:4      | 2715 ||| FLEEEEING.
  2717 | D:4      | 2717 ||| FLEEEEING.
  2718 | D:4      | 2718 ||| FLEEEEING.
  2719 | D:4      | 2719 ||| FLEEEEING.
  2731 | D:4      | HP: 7/37 [lemure[Pikel] (3)]
  2732 | D:4      | 2732 ||| READING 6 scrolls of teleportation.
  2734 | D:4      | HP: 1/37 [Pikel/+1 whip of electrocution (5)]
  2734 | D:4      | Slain by a lemure

Levels and vault maps discovered:
D:1:      mrwooster_arrival_arrow, layout_basic, shapermc_ecumenical_altar_venn
D:2:      layout_loops_ring, minmay_lizard_king
D:3:      layout_loops_cross, trog_three_pillars_becter
D:4:      layout_rooms, kennysheep_little_box, uniq_pikel

Skill      XL: |  1  2  3  4  5 |
---------------+----------------+-----
Ranged Weapons | 3 4 5 |  5.6
Fighting       | 2 3 |  3.4
Armour         | 1 |  1.0
Dodging        | |  1.5
Spellcasting   | |  1.0
Hexes          | |  2.6

Action                     |  1- 3 |  4- 6 || total
---------------------------+-------+-------++-------
   Fire: Sling             |   146 |    90 ||   236
    Use: Scroll            |     3 |     4 ||     7
         Potion            |     2 |       ||     2
 Armour: Robe              |    14 |       ||    14
         Ring mail         |    10 |    52 ||    62
  Dodge: Dodged            |    42 |    36 ||    78

Table legend:
 A = Non-vault XP
 B = Vault XP
 C = Vault XP percentage of total XP
 D = Non-vault monster count
 E = Vault monster count
 F = Vault count percentage of total count
                 A         B        C        D         E       F
            +---------+---------+-------+---------+---------+-------
      Total |     431 |       5 |   1.1 |      67 |       5 |   6.9
            +---------+---------+-------+---------+---------+-------
        D:1 |      42 |       0 |   0.0 |      23 |       0 |   0.0
        D:2 |      26 |       5 |  16.1 |      15 |       5 |  25.0
        D:3 |      38 |       0 |   0.0 |      12 |       0 |   0.0
        D:4 |     325 |       0 |   0.0 |      17 |       0 |   0.0
            +---------+---------+-------+---------+---------+-------
